 Dungeon Crawl Stone Soup version 0.25.1-8-g42b30a86e7 (webtiles) character file.

Game seed: 2626490959714438730

1512 Gabide the Chopper (level 8, -3/48 HPs)
             Began as a Tengu Monk on Dec 4, 2020.
             Was a Believer of Qazlal.
             Slain by an orc warrior
             ... wielding a +0 hand axe
              (16 damage)
             ... on level 8 of the Dungeon.
             The game lasted 00:17:42 (5229 turns).

Gabide the Chopper (Tengu Monk)                     Turns: 5229, Time: 00:17:43

Health: -3/48      AC:  7    Str: 13    XL:     8   Next: 83%
Magic:  6/9        EV: 16    Int: 17    God:    Qazlal [**....]
Gold:   11         SH:  2    Dex: 17    Spells: 7/7 levels left

rFire    . . .     SeeInvis .   n - +3 halberd (freeze)
rCold    . . .     Gourm    .   (shield currently unavailable)
rNeg     + . .     Faith    .   s - +2 robe {rN+}
rPois    +         Spirit   .   d - +2 hat
rElec    .         Reflect  .   l - scarf {repulsion}
rCorr    .         Harm     .   a - +0 pair of gloves (curse)
MR       .....                  (boots unavailable)
Stlth    ++........             (no amulet)
HPRegen  0.16/turn              g - +6 ring of intelligence
MPRegen  0.11/turn              h - ring of poison resistance

@: repel missiles
A: beak, talons 3, able to fly
a: Fly, Upheaval, Renounce Religion


You were on level 8 of the Dungeon.
You worshipped Qazlal.
Qazlal was pleased with you.
You were not hungry.

You visited 1 branch of the dungeon, and saw 6 of its levels.

You collected 216 gold pieces.
You spent 205 gold pieces at shops.

Inventory:

Hand Weapons
 n - a +3 halberd of freezing (weapon)
Missiles
 o - 10 poisoned darts (quivered)
Armour
 a - a cursed +0 pair of gloves (worn)
 d - a +2 hat (worn)
 f - a +0 tower shield
 l - a scarf of repulsion (worn)
 s - a +2 robe of positive energy (worn)
Jewellery
 g - a +6 ring of intelligence (left hand)
 h - a ring of poison resistance (right hand)
 r - an uncursed ring of resist corrosion {unknown}
 u - an uncursed ring of flight {unknown}
Wands
 k - a wand of flame (3)
Scrolls
 e - a scroll of magic mapping
 q - a scroll of amnesia
Potions
 b - 2 potions of stabbing {unknown}
 i - a potion of mutation
 j - a potion of magic {unknown}
 m - a potion of brilliance {unknown}
 p - 3 potions of flight {unknown}
 t - a potion of might {unknown}
 w - a potion of curing {unknown}
Comestibles
 c - 3 rations
 v - 8 chunks of flesh


   Skills:
 + Level 4.8 Fighting
   Level 7.1(7.9) Axes
 * Level 5.1(6.9) Polearms
 + Level 6.6 Dodging
 - Level 2.0 Stealth
 - Level 3.3 Unarmed Combat
 + Level 1.3 Invocations


You had 7 spell levels left.
You didn't know any spells.
Your spell library was empty.

Dungeon Overview and Level Annotations

Branches:
Dungeon (8/15)             Temple (0/1) D:6
   Lair: D:8-11

Altars:
Ashenzari
Gozag
Qazlal
Sif Muna
Xom
Zin
The Shining One

Shops:
D:2 *   D:6 [


Innate Abilities, Weirdness & Mutations

You have a beak for a mouth.
You have claws for feet.
You can fly continuously.


Message History

The blast of rubble hits the orc priest!
The orc priest is severely wounded.
Ka-crash!
You hear a shout!
You hear an angry hiss. x2
The orc priest suddenly shouts.
Unknown command.
You closely miss the orc warrior.
The orc warrior is moderately wounded.
The orc warrior barely misses you.
The orc warrior hits you but does no damage.
You see here an adder skeleton.
You hit the orc warrior but do no damage.
Your kick misses the orc warrior.
The orc warrior is lightly wounded.
The orc warrior misses you.
You hit the orc warrior. You freeze the orc warrior.
Your kick misses the orc warrior.
The orc warrior is heavily wounded.
The orc warrior hits you with a +0 hand axe!
You die...

#### #.. #.#
####.#### ###
#..รท<...#
####.#####.##o##.#
####.......o..##@#
.........o######.#
##.....## #..
####o## #### #.#
#)# #o# #...#
#.....#


You could see an orc warrior.

Vanquished Creatures
  A hippogriff (D:7)
  A hungry ghost (D:7)
  An ice beast (D:6)
  A phantom (D:6)
  3 bullfrogs (D:6)
  4 howler monkeys
  A crimson imp (D:6)
  4 orc priests
  2 hounds
  A gnoll shaman (D:7)
  2 jellies
  4 orc wizards (D:6)
  A bullfrog skeleton (D:6)
  3 worker ants
  A hound skeleton (D:7)
  4 gnolls (D:7)
  3 adders
  An ooze (D:1)
  An adder skeleton (D:7)
  A worm (D:3)
  A dart slug (D:2)
  3 leopard geckos
  5 orcs (D:6)
  4 bats
  13 goblins
  3 hobgoblins
  6 jackals
  4 quokkas
  A ball python (D:1)
  5 frilled lizards
  4 kobolds (D:1)
  A leopard gecko skeleton (D:6)
  6 rats
96 creatures vanquished.

Notes
Turn   | Place    | Note
-------+----------+-------------------------------------------
     0 | D:1      | Gabide the Tengu Monk began the quest for the Orb.
     0 | D:1      | Reached XP level 1. HP: 14/14 MP: 2/2
   134 | D:1      | Reached XP level 2. HP: 19/19 MP: 3/3
   588 | D:1      | Reached XP level 3. HP: 23/23 MP: 4/4
  1038 | D:2      | Found a stormy altar of Qazlal.
  1047 | D:2      | Became a worshipper of Qazlal Stormbringer
  1047 | D:2      | Reached * piety under Qazlal
  1047 | D:2      | Reached ** piety under Qazlal
  1115 | D:2      | Found Gozag's Platinum Reserve.
  1118 | D:2      | Found an opulent altar of Gozag.
  1290 | D:2      | Found a faded altar of an unknown god.
  2206 | D:3      | Reached skill level 1 in Axes
  2206 | D:3      | Reached XP level 4. HP: 25/28 MP: 5/5
  2398 | D:3      | Reached skill level 2 in Axes
  2605 | D:3      | Found a glowing golden altar of the Shining One.
  2617 | D:3      | You fall into a shaft and drop 3 floors!
  2618 | D:6      | Noticed a phantom
  2630 | D:6      | Killed a phantom
  2630 | D:6      | Reached skill level 3 in Axes
  2630 | D:6      | Reached skill level 1 in Unarmed Combat
  2630 | D:6      | Gained mutation: You can fly continuously. [Tengu growth]
  2630 | D:6      | Reached XP level 5. HP: 25/32 MP: 6/6
  2711 | D:6      | Reached skill level 4 in Axes
  2711 | D:6      | Reached XP level 6. HP: 22/37 MP: 7/7
  2911 | D:6      | Reached skill level 5 in Axes
  3045 | D:6      | Found Moduet's Armour Boutique.
  3082 | D:6      | Reached XP level 7. HP: 28/42 MP: 3/8
  3422 | D:6      | Reached skill level 6 in Axes
  3526 | D:6      | Reached skill level 5 in Dodging
  3936 | D:6      | Reached XP level 8. HP: 48/48 MP: 9/9
  3995 | D:6      | Bought a +2 robe of positive energy for 205 gold pieces
  4053 | D:6      | Found a staircase to the Ecumenical Temple.
  4175 | D:6      | Found a shimmering blue altar of Sif Muna.
  4299 | D:7      | Found a shattered altar of Ashenzari.
  4401 | D:7      | Reached skill level 7 in Axes
  4492 | D:7      | Found a shimmering altar of Xom.
  4494 | D:7      | Noticed an angel
  4546 | D:7      | Found a glowing silver altar of Zin.
  4660 | D:7      | Reached skill level 1 in Invocations
  4667 | D:7      | Noticed a hippogriff
  4678 | D:7      | Killed a hippogriff
  5210 | D:8      | Reached skill level 5 in Polearms
  5229 | D:8      | Slain by an orc warrior

Illustrated notes

Levels and vault maps discovered:
D:1:      dpeg_arrival_shelter, layout_basic, minivault_25, nrook_loot_triangle
D:2:      layout_loops_ring, nicolae_gozag_zags_fifth_avenue,
          nicolae_overflow_crystal_walls, chequers_ecumenical_altar_grove,
          serial_forest, infiniplex_forest_clump_C,
          infiniplex_forest_clump_long, infiniplex_forest_pool,
          infiniplex_forest_zigzag_2, infiniplex_forest_clump_double,
          infiniplex_forest_clump_small, infiniplex_forest_lined_3
D:3:      layout_basic, lemuel_coloured_pillars_altar, tso_altar,
          minmay_misc_feat_square, st_stairs_12
D:6:      layout_rooms, minmay_temple_entry_enclosed_plants, serial_shops,
          nicolae_shop_window_shopping, moated_statue, serial_park_tiny_pond,
          lemuel_blue_sif_altar
D:7:      layout_gridville, grunt_temple_overflow_order_and_chaos_1,
          evilmike_ruin_ashenzari, kennysheep_generic_room_10
D:8:      minmay_cornered_nines, layout_loops_corners,
          overflow_temple_1_default, enter_ossuary_1, enter_bailey_3,
          grunt_ogre_cave

Skill      XL: |  1  2  3  4  5  6  7  8 |
---------------+-------------------------+-----
Dodging        | 4 5 6 |  6.6
Axes           | 1 3 4 5 6 7 |  7.1
Unarmed Combat | 1 2 3 |  3.3
Fighting       | 4 |  4.8
Polearms       | 5 |  5.1
Invocations    | 1 |  1.3
Stealth        | |  2.0

Action                   |  1- 3 |  4- 6 |  7- 9 || total
-------------------------+-------+-------+-------++-------
Melee: Spear             |    34 |       |       ||    34
       Kick              |    10 |    12 |    13 ||    35
       Hand axe          |    44 |    44 |    53 ||   141
       Peck              |     4 |     5 |    13 ||    22
       Halberd           |       |       |    44 ||    44
Throw: Dart              |    11 |    11 |    18 ||    40
Invok: Upheaval          |     1 |     1 |     4 ||     6
Evoke: Wand              |       |     2 |     9 ||    11
  Use: Scroll            |     6 |     2 |     3 ||    11
       Potion            |     1 |       |       ||     1
 Stab: Sleeping          |     8 |       |       ||     8
  Eat: Chunk             |     1 |     2 |     2 ||     5
       Ration            |     1 |       |     2 ||     3
Armor: Robe              |     7 |     7 |    19 ||    33
       Skin              |    15 |       |       ||    15
Dodge: Dodged            |    29 |    22 |    77 ||   128
Block: Other             |     6 |     2 |     7 ||    15
